 Dungeon Crawl Stone Soup version 0.17-a0-1685-g57e755e (webtiles) character file.

42 Gorice the Skirmisher (level 3, 0/29 HPs)
             Began as a Mummy Wanderer on Aug 19, 2015.
             Slain by an adder (5 damage)
             ... on level 2 of the Dungeon.
             The game lasted 00:04:51 (2252 turns).

Gorice the Skirmisher (Mummy Wanderer)              Turns: 2252, Time: 00:04:51

Health: 0/29       AC:  2    Str: 15    XL:     3   Next: 35%
Magic:  3/3        EV: 12    Int: 10    God:
Gold:   80         SH:  0    Dex: 13    Spells: 0 memorised, 2 levels left

rFire  . . .     SeeInvis .     a - +0 hand axe (curse)
rCold  + . .     Clarity  .     e - +0 robe
rNeg   + + +     SustAt   .     (no shield)
rPois  ∞         Gourm    .     (no helmet)
rElec  .         Spirit   .     (no cloak)
rCorr  .         Warding  .     (no gloves)
rMut   .         Stasis   .     (no boots)
MR     .....                    (no amulet)
Stlth  ++........               (no ring)
                                f - ring of protection from fire

@: not resistant to hostile enchantments, unstealthy
A: no food or potions, fire vulnerability, cold resistance 1, negative energy
resistance 3, torment resistance, unbreathing
a: no special abilities


You were on level 2 of the Dungeon.
You were not hungry.

You visited 1 branch of the dungeon, and saw 2 of its levels.

You collected 80 gold pieces.

Inventory:

Hand weapons
 a - a cursed +0 hand axe (weapon)
 c - a +0 hand axe
 g - a +2 dagger
Missiles
 h - 22 sling bullets
 Z - 9 stones (quivered)
Armour
 e - a +0 robe (worn)
Jewellery
 f - a ring of protection from fire (left hand)
Scrolls
 b - a scroll of fear {!r}
 d - 2 scrolls of teleportation {!r}


   Skills:
 + Level 3.1 Fighting
 * Level 3.0 Axes
 - Level 1.0 Armour
 - Level 1.5 Dodging
 - Level 1.0 Stealth
   Level 1.0 Evocations


You had 2 spell levels left.
You didn't know any spells.

Dungeon Overview and Level Annotations

Branches:
Dungeon (2/15)

Altars:
Nemelex Xobeh


Innate Abilities, Weirdness & Mutations

You do not eat or drink.
Your flesh is vulnerable to fire.
You are immune to poison.
Your flesh is cold resistant.
You are immune to negative energy.
You are immune to unholy pain and torment.
You can survive without breathing.


Message History

An adder comes into view.
The adder bites you.
Found a scroll labeled EPAM RIBLOUGRI.
Damage: 5 (max 5)
You hit the adder but do no damage. The adder closely misses you.
The adder bites you.
Damage: 2 (max 5)
You hit the adder but do no damage. The adder bites you.
Damage: 1 (max 5)
You hit the adder.
The adder is heavily wounded.
The adder closely misses you. x2
You miss the adder.
The adder is heavily wounded.
The adder bites you but does no damage.
You completely miss the adder.
The adder is heavily wounded.
The adder bites you. x2
Damage: 5 (max 5)
You closely miss the adder.
The adder is heavily wounded.
The adder bites you but does no damage.
You miss the adder.
The adder is heavily wounded.
The adder bites you but does no damage. The adder closely misses you.
You closely miss the adder.
The adder is heavily wounded.
The adder bites you.
Damage: 2 (max 5)
You miss the adder.
The adder is heavily wounded.
The adder bites you but does no damage. The adder bites you.
Damage: 3 (max 5)
You hit the adder but do no damage.
The adder is heavily wounded.
The adder bites you.
* * * LOW HITPOINT WARNING * * *
Damage: 4 (max 5)
You are too injured to fight recklessly!
You are too injured to fight recklessly!
You are too injured to fight recklessly!
You are too injured to fight recklessly!
You are too injured to fight recklessly!
You are too injured to fight recklessly!
You completely miss the adder.
The adder is heavily wounded.
The adder bites you.
* * * LOW HITPOINT WARNING * * *
The adder bites you.
You die...

.#.#.#.#.#.#.#.#.#.#%
....................
.#.#.#.#.#.#.#.#.#..
.................#
#.#.#.#.#.#.#.#.#
................#
#.#.#.#.#.#.#..#
...............#
#.#.#.#.#@#...#
.........S.?..#
#.#.#.#.#..#.#
........ #.# ..
....... .. ## .##.#.#
### #.#. # #.


You could see an adder.

Vanquished Creatures
  2 worms
  2 giant geckos (D:1)
  A ball python (D:1)
  11 bats
  A giant cockroach (D:1)
  5 hobgoblins (D:1)
  4 kobolds
  A giant newt (D:1)
  3 goblins
  5 rats
35 creatures vanquished.

Notes
Turn   | Place    | Note
--------------------------------------------------------------
     0 | D:1      | Gorice the Mummy Wanderer began the quest for the Orb.
     0 | D:1      | Gorice set off with: a +2 dagger, a scroll of fear {!r}, a +0 hand axe, a scroll of teleportation {!r}, a +0 robe
     0 | D:1      | Reached XP level 1. HP: 16/16 MP: 1/1
   137 | D:1      | Reached XP level 2. HP: 14/23 MP: 2/2
   261 | D:1      | HP: 6/23 [rat (1)]
   658 | D:1      | Reached skill level 3 in Fighting
   835 | D:1      | HP: 6/24 [worm (10)]
  1443 | D:1      | HP: 4/24 [worm (7)]
  1445 | D:1      | Reached XP level 3. HP: 4/29 MP: 3/3
  1869 | D:2      | Found a sparkling altar of Nemelex Xobeh.
  1986 | D:2      | HP: 8/29 [worm (3)]
  1987 | D:2      | Reached skill level 3 in Axes
  2251 | D:2      | HP: 7/29 [adder (4)]
  2252 | D:2      | Slain by an adder

Vault maps used:
D:1:      denvon_arrival_planthouse
D:2:      lemuel_round_altar, first_bread, hex_large

Action                   || total
-------------------------++-------
Melee: Dagger            ||    27
       Hand axe          ||   123
Throw: Stone             ||     7
 Stab: Sleeping          ||     1

Table legend:
 A = Turns spent in this place as a percentage of turns spent in the entire game.
 B = Non-inter-level travel turns spent in this place as a percentage of non-inter-level travel turns spent in the entire game.
 C = Inter-level travel turns spent in this place as a percentage of turns spent in this place.
 D = Turns resting spent in this place as a percentage of non-inter-level travel turns spent in this place.
 E = Turns spent auto-exploring this place as a percentage of non-inter-level travel turns spent in this place.
 F = Non-inter-level travel turns spent in this place divided by the number of levels of this place that you've seen.
                   A       B       C       D       E      F
               +-------+-------+-------+-------+-------+----------------------
         Total | 100.0 | 100.0 |   0.3 |   3.3 |   5.1 | 306.5
       Dungeon | 100.0 | 100.0 |   0.3 |   3.3 |   5.1 | 306.5
               +-------+-------+-------+-------+-------+----------------------

Vault maps used:
D:1:      denvon_arrival_planthouse
D:2:      lemuel_round_altar, first_bread, hex_large
